[Event "Titled Tuesday Blitz August 24 2021"]
[White "Palchuk, Andrii"]
[Black "Bilan, Danila"]
[WhiteFideId "14176688"]
[BlackFideId "24161918"]
[WhiteElo "2320"]
[BlackElo "2164"]
[Result "0-1"]
[Round "08"]
[TimeControl "180+1"]
[Date "2021.08.24"]
[WhiteClock "0:00:15"]
[BlackClock "0:00:26"]

1. e4 c6 2. d4 d5 3. Nd2 dxe4 4. Nxe4 Bf5 5. Ng3 Bg6 6. Nf3 Nd7 7. h4 h6 8. h5 Bh7 9. Bd3 Bxd3 10. Qxd3 Qc7 11. Bd2 e6 12. O-O-O Bd6 13. Ne4 Ngf6 14. Nxd6+ Qxd6 15. Qe2 Qd5 16. Kb1 O-O-O 17. Ne5 Nxe5 18. dxe5 Qe4 19. Qxe4 Nxe4 20. Be3 b6 21. g4 Rd5 22. Rxd5 cxd5 23. Rd1 Rd8 24. Rd4 Nc5 25. c4 Kc7 26. Rf4 Rd7 27. f3 Nd3 28. Rd4 Nxe5 29. cxd5 Rxd5 30. Bf4 Kd6 31. Re4 f6 32. Kc2 Kc5 33. Bxe5 fxe5 34. Kc3 a5 35. a3 b5 36. b4+ axb4+ 37. axb4+ Kd6 38. Re3 Rd4 39. Re1 Kd5 40. Re3 e4 41. f4 e5 42. f5 Kd6 43. Rg3 Ke7 44. g5 Rd3+ 45. Rxd3 exd3 46. Kxd3 hxg5 47. Ke3 Kf6 48. Ke4 g4 49. Kd5 Kxf5 50. Kc5 g3 51. Kxb5 g2 52. Kc6 g1=Q 53. b5 Qb1 54. b6 e4 55. b7 e3 56. Kc7 e2 57. b8=Q Qxb8+ 58. Kxb8 e1=Q 59. h6 gxh6 60. Kc7 Qe6 61. Kd8 Qf7 62. Kc8 Ke6 63. Kd8 Kd6 64. Kc8 Kc6 65. Kb8 Qb7# 0-1


[Site "https://www.chess.com"]

[Event "Titled Tuesday Blitz August 24 2021"]
[White "Papasimakopoulos, Alexandros"]
[Black "Sarana, Alexey"]
[WhiteFideId "4244125"]
[BlackFideId "24133795"]
[WhiteElo "2352"]
[BlackElo "2646"]
[Result "0-1"]
[Round "08"]
[TimeControl "180+1"]
[Date "2021.08.24"]
[WhiteClock "0:00:06"]
[BlackClock "0:00:56"]

1. d4 Nf6 2. c4 e6 3. Nc3 d5 4. cxd5 exd5 5. Bg5 c6 6. e3 Be7 7. Bd3 O-O 8. Qc2 Nbd7 9. Nf3 Re8 10. O-O Nf8 11. h3 Ng6 12. Bxf6 Bxf6 13. b4 a6 14. Na4 Rb8 15. Nc5 Qd6 16. Rab1 Nf8 17. a4 g6 18. b5 axb5 19. axb5 b6 20. Na6 Bxa6 21. bxa6 b5 22. Rfc1 Rb6 23. e4 Bg7 24. Qc5 Qxc5 25. dxc5 Rxa6 26. exd5 Rd8 27. d6 Ne6 28. Bxb5 cxb5 29. Rxb5 Rc6 30. Rb6 Rdxd6 31. cxd6 Rxc1+ 32. Kh2 Bf6 33. Nd2 Rd1 34. Ne4 Be5+ 35. g3 Rd4 36. f3 h5 37. Kg2 h4 38. gxh4 Nf4+ 39. Kf2 Kg7 40. Rb7 Nxh3+ 41. Ke3 Rd5 42. d7 Bd4+ 43. Kd3 Nf4+ 44. Kc4 Bf6 45. Rb6 Rd4+ 46. Kb3 Bxh4 47. Rd6 Rxd6 48. Nxd6 Ne6 49. Kc4 Kf8 50. Nc8 Bg3 51. Kd5 Bc7 52. Kc6 Bd8 53. Kd5 Ng5 54. f4 Ne6 55. Ke5 Bc7+ 56. Ke4 Nc5+ 57. Kd5 Nxd7 58. Kc6 Nb6 59. Na7 Bxf4 60. Kxb6 Be3+ 0-1


[Site "https://www.chess.com"]

[Event "Titled Tuesday Blitz August 24 2021"]
[White "Pavlov, Danila"]
[Black "Terry, Renato"]
[WhiteFideId "34126594"]
[BlackFideId "3803457"]
[WhiteElo "2323"]
[BlackElo "2581"]
[Result "0-1"]
[Round "08"]
[TimeControl "180+1"]
[Date "2021.08.24"]
[WhiteClock "0:00:02"]
[BlackClock "0:00:47"]

1. e4 e6 2. d4 d5 3. Nc3 Nf6 4. Bg5 Bb4 5. e5 h6 6. Be3 Ne4 7. Qg4 Kf8 8. Bd3 Nxc3 9. a3 Na2+ 10. Kf1 Be7 11. Rxa2 c5 12. c3 Qb6 13. b4 cxb4 14. cxb4 Bd7 15. Qe2 a6 16. Nf3 Bb5 17. Nd2 Nd7 18. Nb3 Bxd3 19. Qxd3 Qb5 20. Ke2 Nb6 21. Rc1 Qxd3+ 22. Kxd3 Nc4 23. Nd2 b5 24. a4 Rb8 25. axb5 axb5 26. Rb1 f5 27. exf6 gxf6 28. Bf4 e5 29. dxe5 fxe5 30. Bg3 Kf7 31. Ra7 Ra8 32. Rba1 Rxa7 33. Rxa7 Ke6 34. Ra6+ Kf5 35. Nb3 Bxb4 36. h3 Rc8 37. Rxh6 Nb2+ 38. Ke2 Rc2+ 39. Kf1 Nc4 40. Rc6 Ne3+ 41. fxe3 Rxc6 42. Ke2 Rc2+ 43. Kf3 e4# 0-1


[Site "https://www.chess.com"]

[Event "Titled Tuesday Blitz August 24 2021"]
[White "Petrovskyi, Vadym"]
[Black "Polivanov, Anatoliy"]
[WhiteFideId "14165210"]
[BlackFideId "14109468"]
[WhiteElo "2334"]
[BlackElo "2472"]
[Result "0-1"]
[Round "08"]
[TimeControl "180+1"]
[Date "2021.08.24"]
[WhiteClock "0:00:08"]
[BlackClock "0:00:10"]

1. e4 c5 2. Nf3 g6 3. d4 cxd4 4. Nxd4 Bg7 5. Nc3 Nc6 6. Be3 Nf6 7. Nxc6 bxc6 8. e5 Ng8 9. f4 Nh6 10. Qd2 O-O 11. O-O-O d6 12. h3 Be6 13. g4 dxe5 14. Qe1 Qa5 15. f5 Nxf5 16. gxf5 Bxf5 17. Bc4 Qb4 18. Bb3 a5 19. Qf2 a4 20. Bc5 Bh6+ 21. Kb1 Qa5 22. Nxa4 Rfb8 23. Rhe1 Qb5 24. Ba3 Rxa4 25. Bxa4 Qxa4 26. Qc5 Bf8 27. Re2 e6 28. Qxe5 Rb5 29. Bxf8 Rxe5 30. Rd8 Qxc2+ 31. Rxc2 Re1+ 0-1


[Site "https://www.chess.com"]

[Event "Titled Tuesday Blitz August 24 2021"]
[White "Pichot, Alan"]
[Black "Tregubov, Pavel V."]
[WhiteFideId "110973"]
[BlackFideId "4115341"]
[WhiteElo "2622"]
[BlackElo "2423"]
[Result "1-0"]
[Round "08"]
[TimeControl "180+1"]
[Date "2021.08.24"]
[WhiteClock "0:00:55"]
[BlackClock "0:01:11"]

1. e4 e6 2. d4 d5 3. Nc3 Bb4 4. e5 c5 5. a3 Ba5 6. b4 cxd4 7. Nb5 Bc7 8. f4 Bd7 9. Nf3 Ne7 10. Nxc7+ Qxc7 11. Bd3 Qb6 12. O-O Bb5 13. a4 Bxd3 14. Qxd3 O-O 15. Bd2 Nbc6 16. a5 Qc7 17. b5 Nb8 18. Bb4 Rc8 19. Nxd4 Ng6 20. f5 Nxe5 21. Qg3 Nc4 22. fxe6 f6 23. Qf3 a6 24. Qxd5 axb5 25. e7+ Kh8 26. Qf7 Nc6 27. Ne6 1-0


[Site "https://www.chess.com"]

[Event "Titled Tuesday Blitz August 24 2021"]
[White "Purtseladze, Maka"]
[Black "Liyanage, Ranindu Dilshan"]
[WhiteFideId "13602659"]
[BlackFideId "9915834"]
[WhiteElo "2178"]
[BlackElo "1839"]
[Result "0-1"]
[Round "08"]
[TimeControl "180+1"]
[Date "2021.08.24"]
[WhiteClock "0:00:04"]
[BlackClock "0:00:10"]

1. b3 Nf6 2. Bb2 g6 3. Bxf6 exf6 4. c4 d5 5. cxd5 Qxd5 6. Nc3 Qa5 7. Rc1 Ba3 8. Rc2 O-O 9. Nf3 Nc6 10. e3 Nb4 11. Be2 Bf5 12. e4 Bg4 13. Nd5 Nxd5 14. exd5 Qxd5 15. O-O Bd6 16. h3 Bf5 17. Rc4 Rfe8 18. d4 Be4 19. Rc3 Qa5 20. Qc1 Bd5 21. Bc4 Be4 22. Nd2 Bf4 23. Qb2 Bxg2 24. Kxg2 Qg5+ 25. Rg3 Bxg3 26. fxg3 Rad8 27. Nf3 Qa5 28. b4 Qb6 29. Qb3 Re7 30. a4 Qd6 31. Rf2 c6 32. a5 Kg7 33. Rd2 b6 34. axb6 axb6 35. b5 cxb5 36. Qxb5 Rc8 37. Qd5 Qb4 38. Ba2 Rc3 39. Rf2 Rce3 40. Qc4 Qa3 41. d5 R7e4 42. Qc2 h5 43. h4 Rg4 44. Qd2 Rd3 45. Qe2 Qd6 46. Qxd3 Qxg3+ 47. Kf1 Qd6 48. Bc4 Qb4 49. Nd4 Qc5 50. Ne2 Rxc4 51. Qf3 Qd6 52. Nf4 Rc1+ 53. Kg2 Rc4 54. Nxh5+ gxh5 55. Qxh5 Rd4 56. Kh3 Rd3+ 57. Kg2 Qxd5+ 58. Kf1 Qxh5 0-1


[Site "https://www.chess.com"]

[Event "Titled Tuesday Blitz August 24 2021"]
[White "Rahman, Ziaur"]
[Black "Przybylski, Wojciech"]
[WhiteFideId "10200037"]
[BlackFideId "1117599"]
[WhiteElo "2460"]
[BlackElo "2250"]
[Result "1-0"]
[Round "08"]
[TimeControl "180+1"]
[Date "2021.08.24"]
[WhiteClock "0:00:05"]
[BlackClock "0:00:01"]

1. Nf3 d5 2. g3 Bg4 3. Bg2 c6 4. h3 Bxf3 5. Bxf3 Nd7 6. d3 Ngf6 7. Bg2 e6 8. O-O Bc5 9. Nd2 a5 10. c3 O-O 11. d4 Bd6 12. e4 dxe4 13. Nxe4 Nxe4 14. Bxe4 e5 15. Be3 Nf6 16. Bg2 Nd5 17. Bxd5 cxd5 18. dxe5 Bxe5 19. Qh5 Qc7 20. f4 Bf6 21. Rad1 Rfe8 22. Bf2 Rad8 23. Rxd5 g6 24. Qf3 Rxd5 25. Qxd5 Re2 26. Qb5 Qe7 27. Rd1 h5 28. Kf1 Re6 29. Qd7 Qf8 30. Qxb7 Qe8 31. Qd7 Qa8 32. Qd5 Qc8 33. Kg2 Re2 34. Rd2 Rxd2 35. Qxd2 Qc6+ 36. Kg1 Qe6 37. h4 Qxa2 38. Bd4 Qe6 39. Bxf6 Qxf6 40. Qd4 Qe6 41. Kf2 Qb3 42. Qd2 Qc4 43. Qd8+ Kh7 44. Qxa5 Qd3 45. Qe5 Qc2+ 46. Qe2 Qb3 47. Qd2 Kg8 48. Kf3 Qb7+ 49. Kf2 Qb6+ 50. Kg2 Qb7+ 51. Kh2 Qb5 52. b4 Kh7 53. Qb2 Kg8 54. Qa2 Qd3 55. Qb2 Qb5 56. Qg2 Qc4 57. Qa8+ Kh7 58. Qe8 Qd3 59. Qxf7+ Kh8 60. Qf6+ Kh7 61. Qe7+ Kh8 62. Qe5+ Kh7 63. b5 Qc2+ 64. Kg1 Qb1+ 65. Kf2 Qc2+ 66. Ke3 Qc1+ 67. Kd4 Qg1+ 68. Kc4 Qf1+ 69. Kc5 Qf2+ 70. Kc6 Qf3+ 71. Kb6 Qf2+ 72. Qd4 Qxg3 73. c4 Qxh4 74. c5 Qe7 75. Qd6 Qe8 76. c6 Qe3+ 77. Kb7 Qe4 78. Qd7+ Kh6 79. b6 h4 80. Qd8 Kh7 81. Qxh4+ Kg7 82. Qd8 Kh6 83. Qc7 Qf5 84. Qe5 Qf7+ 85. c7 1-0


[Site "https://www.chess.com"]

[Event "Titled Tuesday Blitz August 24 2021"]
[White "Rodchenkov, Vitaly"]
[Black "Zhao, Erick"]
[WhiteFideId "4152964"]
[BlackFideId "30946930"]
[WhiteElo "2337"]
[BlackElo "2571"]
[Result "1-0"]
[Round "08"]
[TimeControl "180+1"]
[Date "2021.08.24"]
[WhiteClock "0:00:24"]
[BlackClock "0:00:04"]

1. Nf3 Nf6 2. c4 g6 3. b4 Bg7 4. Bb2 O-O 5. g3 b6 6. Bg2 Bb7 7. O-O e6 8. d3 d5 9. Nbd2 Nbd7 10. a4 c5 11. b5 a6 12. Qb3 d4 13. Rfe1 e5 14. e3 Re8 15. exd4 cxd4 16. Ng5 Nc5 17. Qc2 axb5 18. axb5 Bxg2 19. Kxg2 Nd5 20. Nxf7 Kxf7 21. cxd5 Qxd5+ 22. Ne4 Rac8 23. Ra7+ Kg8 24. Qe2 Nxe4 25. dxe4 Qb3 26. Ba3 Rc2 27. Qg4 Qe6 28. Qxe6+ Rxe6 29. Rd7 Bh6 30. Kg1 Rf6 31. Rf1 Rcxf2 32. Rxf2 Be3 33. Bd6 Rxf2 34. Kh1 g5 35. Bxe5 g4 36. Rg7+ Kf8 37. Rxg4 Rb2 38. Bf4 Rb1+ 39. Kg2 Rb2+ 40. Kf1 Rb1+ 41. Ke2 Rb2+ 42. Kd3 Rd2+ 43. Kc4 Rc2+ 44. Kb3 Rc3+ 45. Kb2 Bg1 46. h4 Rf3 47. Rg5 d3 48. Rd5 Ke7 49. Kc3 Rf1 50. Kxd3 Rb1 51. h5 Bc5 52. Rg5 Rb3+ 53. Kc4 Rb4+ 54. Kd5 Rxb5 55. Kc6 Rb4 56. Rg7+ Kf6 57. Rxh7 Rxe4 58. Rd7 Re6+ 59. Kd5 Re1 60. Rb7 Rd1+ 61. Ke4 Rh1 62. h6 Re1+ 63. Kf3 Kg6 64. Kg4 Re8 65. Rc7 Bd4 66. Rc6+ Kh7 67. Kf5 b5 68. g4 b4 69. Rc4 Bc3 70. g5 Rf8+ 71. Kg4 Be1 72. Rc7+ Kg6 73. Rc6+ Kh7 74. Rb6 Rc8 75. Be5 Rc4+ 76. Kf5 Rc5 77. Ke6 Rc4 78. Bf6 Re4+ 79. Kf5 Rc4 80. Rb8 Rc5+ 81. Ke6 Rc6+ 82. Kd5 Rc1 83. Rh8+ Kg6 84. Rg8+ Kf5 85. h7 Rd1+ 86. Kc4 Rc1+ 87. Kd3 Bg3 88. h8=Q 1-0


[Site "https://www.chess.com"]

[Event "Titled Tuesday Blitz August 24 2021"]
[White "Sadhwani, Raunak"]
[Black "Timofeev, Artyom"]
[WhiteFideId "35093487"]
[BlackFideId "4140419"]
[WhiteElo "2514"]
[BlackElo "2582"]
[Result "1-0"]
[Round "08"]
[TimeControl "180+1"]
[Date "2021.08.24"]
[WhiteClock "0:00:11"]
[BlackClock "0:00:09"]

1. b3 c5 2. Bb2 d6 3. e4 Nc6 4. Bb5 Bd7 5. f4 e6 6. Nf3 Nf6 7. Qe2 Be7 8. Bxc6 Bxc6 9. Nc3 d5 10. exd5 exd5 11. Ne5 O-O 12. O-O-O Re8 13. Nxc6 bxc6 14. Qf3 c4 15. Rhe1 cxb3 16. cxb3 Nd7 17. Na4 Nb6 18. Nxb6 axb6 19. Kb1 Bf8 20. g4 Qd7 21. f5 Qa7 22. Rxe8 Rxe8 23. Qc3 c5 24. Qd3 d4 25. a4 Qc7 26. h3 Qc6 27. Kc2 h6 28. Qb5 Qe4+ 29. d3 Qa8 30. Qxb6 Qg2+ 31. Rd2 Qxh3 32. Qc6 Rb8 33. Qc7 Re8 34. a5 Qxg4 35. Qc6 Rd8 36. Rf2 Qg3 37. Re2 Qd6 38. Qb7 Qb8 39. Qc6 Qa8 40. Qb6 Rb8 41. Qc7 Rc8 42. Qd7 Rd8 43. Qa4 Qf3 44. Re8 Rxe8 45. Qxe8 Qb7 46. Bc1 h5 47. Bg5 Qg2+ 48. Bd2 h4 49. a6 c4 50. bxc4 h3 51. a7 h2 52. a8=Q 1-0


[Site "https://www.chess.com"]

[Event "Titled Tuesday Blitz August 24 2021"]
[White "Sadovsky, Artem"]
[Black "Temirkanov, David"]
[WhiteFideId "4155840"]
[BlackFideId "4168534"]
[WhiteElo "2442"]
[BlackElo "2125"]
[Result "0-1"]
[Round "08"]
[TimeControl "180+1"]
[Date "2021.08.24"]
[WhiteClock "0:00:01"]
[BlackClock "0:00:19"]

1. Nf3 d5 2. e3 Nf6 3. c4 c6 4. b3 Bf5 5. Bb2 e6 6. Be2 Nbd7 7. O-O Be7 8. d3 h6 9. Nbd2 O-O 10. Qc2 a5 11. a3 Bh7 12. Rad1 Qb6 13. Qc1 Nc5 14. Bd4 Qd8 15. Ne5 Nfd7 16. Nxd7 Nxd7 17. Nf3 Bf6 18. Qb2 c5 19. Bxf6 Nxf6 20. Ne5 Qe7 21. Bf3 Rfd8 22. Rc1 Rac8 23. Rfd1 b6 24. h3 Rc7 25. b4 axb4 26. axb4 Rdc8 27. b5 Qd6 28. Ra1 Nd7 29. Nc6 Nb8 30. Nxb8 Rxb8 31. d4 dxc4 32. d5 e5 33. Qc3 Bd3 34. e4 f5 35. Re1 f4 0-1


[Site "https://www.chess.com"]

[Event "Titled Tuesday Blitz August 24 2021"]
[White "Samsonkin, Artiom"]
[Black "Praggnanandhaa R"]
[WhiteFideId "13503111"]
[BlackFideId "25059530"]
[WhiteElo "2513"]
[BlackElo "2555"]
[Result "0-1"]
[Round "08"]
[TimeControl "180+1"]
[Date "2021.08.24"]
[WhiteClock "0:00:02"]
[BlackClock "0:00:21"]

1. e4 c5 2. Nf3 e6 3. Nc3 a6 4. d4 cxd4 5. Nxd4 b5 6. Bd3 Qb6 7. Nf3 Bc5 8. O-O Ne7 9. Qe2 Nbc6 10. Bf4 Ng6 11. Bg3 O-O 12. e5 Nd4 13. Nxd4 Bxd4 14. h4 Bb7 15. h5 Ne7 16. Qg4 f5 17. exf6 Bxf6 18. h6 g6 19. Rad1 Rad8 20. Ne4 Bxe4 21. Bxe4 d5 22. Bd3 e5 23. Be2 Nf5 24. Qh3 e4 25. Bg4 Bxb2 26. Bxf5 Rxf5 27. Rfe1 Bd4 28. Re2 Rdf8 29. Red2 Bxf2+ 30. Bxf2 Rxf2 31. Rxf2 Qxf2+ 32. Kh1 Qf5 33. Qh4 e3 34. Re1 e2 35. Kg1 Qe5 36. Qg4 Qe3+ 37. Kh2 Qxh6+ 38. Kg1 Qe3+ 39. Kh2 Qh6+ 40. Kg1 Rf1+ 41. Rxf1 Qe3+ 0-1


[Site "https://www.chess.com"]

[Event "Titled Tuesday Blitz August 24 2021"]
[White "Sanchez Alvares, Kelvin Antonio"]
[Black "Yoo, Christopher Woojin"]
[WhiteFideId "3906680"]
[BlackFideId "30909694"]
[WhiteElo "2247"]
[BlackElo "2105"]
[Result "1-0"]
[Round "08"]
[TimeControl "180+1"]
[Date "2021.08.24"]
[WhiteClock "0:00:28"]
[BlackClock "0:00:01"]

1. d4 Nf6 2. c4 e6 3. Nf3 d5 4. Nc3 c6 5. Bg5 h6 6. Bxf6 Qxf6 7. e3 Nd7 8. Qc2 g6 9. O-O-O Bg7 10. Kb1 O-O 11. h4 dxc4 12. Bxc4 b5 13. Bd3 Bb7 14. Ne4 Qe7 15. Rc1 Rfc8 16. h5 g5 17. Nc5 Nxc5 18. Qxc5 Qxc5 19. Rxc5 Bf8 20. Rcc1 c5 21. dxc5 Bxc5 22. Bxb5 g4 23. Ne5 g3 24. Nd7 Bd6 25. fxg3 Be4+ 26. Ka1 Kg7 27. Rhd1 Bxg3 28. Nc5 Bf5 29. Ba6 Rc7 30. Bb7 Rb8 31. Bf3 Be5 32. Nb3 Bc2 33. Rd2 Rbc8 34. Nd4 Bh7 35. Rxc7 Rxc7 36. a3 a5 37. Nc6 Bf6 38. Nxa5 Bg5 39. Re2 Rc1+ 40. Ka2 Bd3 41. Rd2 Bb1+ 42. Kb3 Bxe3 43. Re2 Bd4 44. Rd2 Be3 45. Re2 Bg5 46. Ka4 Bd3 47. Rf2 Be3 48. Re2 Bxe2 49. Bxe2 Rc2 50. Bf3 f5 51. b4 e5 52. Kb3 Rf2 53. Nc4 Bd4 54. Nd6 Kf6 55. Bc6 1-0


[Site "https://www.chess.com"]

[Event "Titled Tuesday Blitz August 24 2021"]
[White "Senft, Sean"]
[Black "Ivanov, Oleg"]
[WhiteFideId "2044960"]
[BlackFideId "4103114"]
[WhiteElo "1881"]
[BlackElo "2705"]
[Result "0-1"]
[Round "08"]
[TimeControl "180+1"]
[Date "2021.08.24"]
[WhiteClock "0:00:39"]
[BlackClock "0:00:22"]

1. d4 c5 2. c3 cxd4 3. cxd4 d5 4. Nc3 Nf6 5. Bf4 Nc6 6. e3 a6 7. Bd3 Bg4 8. Nge2 e6 9. O-O Bd6 10. Bxd6 Qxd6 11. Rc1 Bxe2 12. Qxe2 O-O 13. Na4 Nd7 14. a3 Rfc8 15. Rc2 Ne7 16. Rfc1 Rxc2 17. Qxc2 Rc8 18. Qd1 Rxc1 19. Qxc1 Qc6 20. Qxc6 Nxc6 21. b4 Kf8 22. Kf1 Ke7 23. Ke2 h6 24. Kd2 Kd6 25. Kc3 a5 26. Bb5 axb4+ 27. axb4 Nf6 28. Nc5 b6 29. Nb7+ Kc7 30. Bxc6 Ne4+ 31. Kd3 Kxc6 32. f3 Nf2+ 33. Ke2 Kxb7 34. Kxf2 Kc6 35. g4 Kb5 36. g5 Kxb4 37. g6 fxg6 38. e4 Kc4 0-1


[Site "https://www.chess.com"]

[Event "Titled Tuesday Blitz August 24 2021"]
[White "Silva, Miguel Antonio Neto"]
[Black "Quintiliano Pinto, Renato R."]
[WhiteFideId "1911929"]
[BlackFideId "2117568"]
[WhiteElo "2283"]
[BlackElo "2439"]
[Result "1-0"]
[Round "08"]
[TimeControl "180+1"]
[Date "2021.08.24"]
[WhiteClock "0:00:14"]
[BlackClock "0:00:01"]

1. e4 c5 2. Nf3 d6 3. d4 cxd4 4. Nxd4 Nf6 5. Nc3 a6 6. Bg5 e6 7. f4 h6 8. Bh4 Qb6 9. a3 Be7 10. Bf2 Qc7 11. Qf3 Nbd7 12. Be2 b5 13. Qe3 Rb8 14. O-O-O b4 15. axb4 Rxb4 16. g4 Nc5 17. e5 Nfd7 18. exd6 Bxd6 19. Nd5 Qb7 20. Nxb4 Qxb4 21. Nc6 Qxf4 22. Qxf4 Bxf4+ 23. Kb1 Ne4 24. Be1 Bb7 25. Na5 Bd5 26. Bxa6 Nec5 27. Rf1 Bxh2 28. Bc4 Ba8 29. Bb5 Ke7 30. Bb4 Bd6 31. Nc6+ Bxc6 32. Bxc6 Rb8 33. Ba3 Ne5 34. Ba4 Nc4 35. Bb3 Nxa3+ 36. bxa3 Nxb3 37. cxb3 Rxb3+ 38. Kc2 Rxa3 39. Ra1 Rxa1 40. Rxa1 Be5 41. Rf1 g6 42. Kd3 Bf6 43. Ke4 Bg7 44. Rb1 f5+ 45. Kf3 Kf6 46. Rb7 Bf8 47. Rb8 Bd6 48. Rd8 Be7 49. Rh8 Kg5 50. Re8 fxg4+ 51. Ke4 Kf6 52. Kf4 Bd6+ 53. Kxg4 h5+ 54. Kf3 g5 55. Rd8 g4+ 56. Ke4 Bg3 57. Rg8 Bc7 58. Rf8+ Kg7 59. Rc8 Bh2 60. Rc2 1-0


[Site "https://www.chess.com"]

[Event "Titled Tuesday Blitz August 24 2021"]
[White "Sonis, Francesco"]
[Black "Song, Michael"]
[WhiteFideId "895733"]
[BlackFideId "2613190"]
[WhiteElo "2373"]
[BlackElo "2274"]
[Result "1-0"]
[Round "08"]
[TimeControl "180+1"]
[Date "2021.08.24"]
[WhiteClock "0:01:39"]
[BlackClock "0:00:01"]

1. Nf3 Nf6 2. g3 g6 3. Bg2 Bg7 4. O-O O-O 5. c4 c5 6. Nc3 Nc6 7. d4 cxd4 8. Nxd4 d6 9. Nxc6 bxc6 10. Bxc6 Rb8 11. Bg2 Qa5 12. Qe1 Qh5 13. b3 Bh3 14. Bd2 Ng4 15. f3 Bxg2 16. fxg4 Qh3 17. Rf4 Bc6 18. e4 Bd4+ 19. Be3 e5 20. Bxd4 exf4 21. gxf4 Qxg4+ 22. Qg3 Qxg3+ 23. hxg3 Rfe8 24. Re1 f5 25. e5 dxe5 26. fxe5 Rb7 27. Bc5 Kf7 28. Bd6 g5 29. b4 a6 30. a4 Bf3 31. Kf2 g4 32. b5 axb5 33. axb5 h5 34. c5 Ke6 35. Ra1 Rc8 36. b6 Rxb6 37. cxb6 Rxc3 38. Rb1 Rc2+ 39. Ke3 h4 40. gxh4 Rc4 41. b7 f4+ 42. Kd3 Bxb7 43. Kxc4 Be4 44. Re1 1-0


[Site "https://www.chess.com"]

[Event "Titled Tuesday Blitz August 24 2021"]
[White "Srihari L R"]
[Black "Cunha, Lucas Aguiar"]
[WhiteFideId "46617116"]
[BlackFideId "2125404"]
[WhiteElo "2724"]
[BlackElo "2582"]
[Result "0-1"]
[Round "08"]
[TimeControl "180+1"]
[Date "2021.08.24"]
[WhiteClock "0:00:06"]
[BlackClock "0:00:14"]

1. Nf3 d5 2. c4 d4 3. e3 c5 4. b4 dxe3 5. fxe3 cxb4 6. a3 bxa3 7. Bxa3 Nf6 8. Nc3 g6 9. d4 Bg7 10. Bd3 O-O 11. O-O b6 12. Ng5 Bb7 13. Nge4 Nbd7 14. Qf3 Rb8 15. Qh3 Nxe4 16. Bxe4 Nf6 17. Bxb7 Rxb7 18. Rad1 Qc8 19. Qxc8 Rxc8 20. c5 bxc5 21. Bxc5 Nd7 22. Ne4 f5 23. Ng5 Nxc5 24. dxc5 Bh6 25. Ne6 Bxe3+ 26. Kh1 Rb3 27. Rd7 Kf7 28. Nd8+ Ke8 29. Rfd1 Bxc5 30. Ne6 Bd6 31. Rxa7 Kf7 32. Ng5+ Kg8 33. g3 Rb2 34. Rf1 h6 35. Nf3 Rcc2 36. Ra6 g5 37. Ra4 g4 38. Nh4 Rxh2+ 39. Kg1 Bc5+ 0-1


[Site "https://www.chess.com"]

[Event "Titled Tuesday Blitz August 24 2021"]
[White "Starozhilov, Leonid"]
[Black "Delorme, Alban"]
[WhiteFideId "14106752"]
[BlackFideId "623636"]
[WhiteElo "2414"]
[BlackElo "2197"]
[Result "1-0"]
[Round "08"]
[TimeControl "180+1"]
[Date "2021.08.24"]
[WhiteClock "0:00:06"]
[BlackClock "0:00:02"]

1. b3 c5 2. Bb2 Nc6 3. Nf3 d6 4. e4 e5 5. Bc4 g6 6. h4 Bg4 7. Nc3 Bg7 8. Nd5 Nge7 9. Ne3 Be6 10. Bxe6 fxe6 11. Ng5 Qd7 12. Qg4 Nd4 13. c3 Ndc6 14. Qxe6 O-O-O 15. Ke2 h6 16. Qxd7+ Rxd7 17. Nf3 d5 18. d3 Rhd8 19. exd5 Nxd5 20. Nxd5 Rxd5 21. Rad1 R5d7 22. Rhe1 Kc7 23. Bc1 Re7 24. Nd2 e4 25. Nxe4 Bxc3 26. Bf4+ Kb6 27. Be3 Bd4 28. Bxh6 Nb4 29. Bg5 Rde8 30. Bxe7 Rxe7 31. a4 Na2 32. Rc1 Nxc1+ 33. Rxc1 Ka5 34. Rc4 b6 35. b4+ Kxa4 36. bxc5+ Kb5 37. Rxd4 bxc5 38. Rc4 a5 39. Rxc5+ Kb4 40. Rc8 Ra7 41. Rb8+ Ka3 42. Nc3 a4 43. Nb5+ Ka2 44. Nxa7 1-0


[Site "https://www.chess.com"]

[Event "Titled Tuesday Blitz August 24 2021"]
[White "Stoyanov, Tsvetan"]
[Black "Seo, Jung Min"]
[WhiteFideId "2917173"]
[BlackFideId "1734687"]
[WhiteElo "2191"]
[BlackElo "2486"]
[Result "1-0"]
[Round "08"]
[TimeControl "180+1"]
[Date "2021.08.24"]
[WhiteClock "0:00:12"]
[BlackClock "0:00:02"]

1. e4 c6 2. c4 e5 3. Nf3 d6 4. Nc3 Nf6 5. d4 Nbd7 6. Be2 g6 7. O-O Bg7 8. Re1 O-O 9. b3 Re8 10. Bf1 a5 11. dxe5 dxe5 12. Ba3 Bf8 13. Bxf8 Rxf8 14. Qd6 Re8 15. Rad1 Re6 16. Qd2 Re8 17. Na4 Qe7 18. Qc3 Nc5 19. Nb6 Ra6 20. Nxc8 Rxc8 21. Nxe5 Re8 22. Nd3 Nfxe4 23. Qb2 Qf8 24. Nxc5 Nxc5 25. Rxe8 Qxe8 26. Qf6 Ra8 27. h4 h5 28. g3 Ne4 29. Qd4 c5 30. Qe3 Qc6 31. Bg2 Re8 32. Re1 f5 33. Qh6 Qf6 34. Rd1 Qg7 35. Qxg7+ Kxg7 36. Bxe4 Rxe4 37. Rd7+ Kh6 38. Rxb7 Re2 39. a4 f4 40. gxf4 Re4 41. Rb5 Rxf4 42. Rxc5 Rf3 43. Rb5 Rc3 44. Kg2 Kg7 45. f3 Kf6 46. Kg3 1-0


[Site "https://www.chess.com"]

[Event "Titled Tuesday Blitz August 24 2021"]
[White "Tanenbaum, Zachary"]
[Black "Ibadov, Dashgyn"]
[WhiteFideId "2060850"]
[BlackFideId "24107514"]
[WhiteElo "2165"]
[BlackElo "2102"]
[Result "1-0"]
[Round "08"]
[TimeControl "180+1"]
[Date "2021.08.24"]
[WhiteClock "0:00:29"]
[BlackClock "0:00:03"]

1. e4 c5 2. Nf3 g6 3. d4 cxd4 4. Nxd4 Bg7 5. Nc3 Nc6 6. Be3 Nf6 7. Bc4 O-O 8. Bb3 Re8 9. O-O e6 10. Ndb5 d5 11. exd5 exd5 12. Nxd5 Nxd5 13. Bxd5 Bxb2 14. Nd6 Rf8 15. Rb1 Be5 16. Nxb7 Bxb7 17. Rxb7 Nd4 18. c4 Nf5 19. Bxa7 Nd6 20. Bb6 Qf6 21. Rc7 Nxc4 22. Rxc4 Qxb6 23. Bxa8 Rxa8 24. Qb3 Qf6 25. g3 Kg7 26. Kg2 Rd8 27. Qf3 Qe6 28. Re4 f6 29. Re2 Rd4 30. Rfe1 Qd6 31. Qb7+ Kh6 32. f4 Bxf4 33. gxf4 Rxf4 34. Kh1 Qd3 35. Qg2 g5 36. Rf2 Rh4 37. Rxf6+ Kh5 38. Qf3+ 1-0


[Site "https://www.chess.com"]

[Event "Titled Tuesday Blitz August 24 2021"]
[White "Tang, Andrew"]
[Black "Sevian, Samuel"]
[WhiteFideId "2059630"]
[BlackFideId "2040506"]
[WhiteElo "2588"]
[BlackElo "2992"]
[Result "1-0"]
[Round "08"]
[TimeControl "180+1"]
[Date "2021.08.24"]
[WhiteClock "0:01:10"]
[BlackClock "0:00:04"]

1. d4 Nf6 2. c4 g6 3. f3 d5 4. cxd5 Nxd5 5. e4 Nb6 6. Nc3 Bg7 7. Be3 O-O 8. Qd2 Nc6 9. O-O-O Qd6 10. Nb5 Qd7 11. Bh6 Bxh6 12. Qxh6 a6 13. Nc3 Nxd4 14. h4 f6 15. f4 e5 16. Nf3 Qg7 17. Qxg7+ Kxg7 18. Nxd4 exd4 19. Rxd4 Bg4 20. Kd2 c5 21. Rd6 Rad8 22. Rxd8 Rxd8+ 23. Ke3 h5 24. Bd3 Nc8 25. Rc1 Be6 26. Na4 Bxa2 27. Nxc5 Nd6 28. Nxb7 Nxb7 29. Rc7+ Kf8 30. Rxb7 Rd6 31. g3 Bf7 32. Ra7 Rb6 33. Rxa6 Rxb2 34. Rxf6 Kg7 35. Rd6 Rb3 36. Rd7 Kf8 37. Kd4 Ra3 38. Ke5 Rb3 39. Kf6 Rb6+ 40. Kg5 Be8 41. Rd4 Rb2 42. e5 Rg2 43. Kf6 Rxg3 44. Rd8 Rf3 45. Bxg6 Rxf4+ 46. Ke6 Kg7 47. Bxe8 Rxh4 48. Rd7+ Kh6 49. Kf5 Rh1 50. Rd6+ Kg7 51. Rg6+ Kf8 52. Ke6 h4 53. Bf7 1-0


[Site "https://www.chess.com"]

[Event "Titled Tuesday Blitz August 24 2021"]
[White "TanitoluwaAps116"]
[Black "Kadam, Om Manish"]
[BlackFideId "45076294"]
[WhiteElo "2454"]
[BlackElo "1729"]
[Result "1-0"]
[Round "08"]
[TimeControl "180+1"]
[Date "2021.08.24"]
[WhiteClock "0:00:28"]
[BlackClock "0:00:19"]

1. d4 Nf6 2. c4 g6 3. Nc3 d5 4. cxd5 Nxd5 5. Nf3 Bg7 6. e4 Nxc3 7. bxc3 c5 8. h3 Nc6 9. Be3 O-O 10. Be2 b6 11. O-O cxd4 12. cxd4 Bb7 13. d5 Na5 14. Rc1 e6 15. dxe6 fxe6 16. Ng5 Qe7 17. Bg4 e5 18. Be6+ Kh8 19. Qg4 Bf6 20. Rfd1 h5 21. Qg3 Bxg5 22. Rd7 Qxe6 23. Rcc7 Rfc8 24. Qxg5 Kg8 25. Qh6 Qf6 26. Rg7+ Kf8 27. Qh8# 1-0


[Site "https://www.chess.com"]